 Dungeon Crawl Stone Soup version 0.30-a0-726-gd89dcf765f (webtiles) character file.

Game seed: 14649438182560755951

91 Bnni the Vexing (level 4, -1/30 (33) HPs)
             Began as a Formicid Hexslinger on Jan 29, 2023.
             Was an Initiate of Dithmenos.
             Slain by an orc
             ... wielding a +0 hand axe
              (6 damage)
             ... on level 4 of the Dungeon.
             The game lasted 00:02:46 (2586 turns).

Bnni the Vexing (Formicid Hexslinger)               Turns: 2586, Time: 00:02:46

HP:   -1/30 (33)    AC:  2    Str: 13 (15) XL:     4   Next: 87%
MP:   8/15          EV: 12    Int: 13 (14) God:    Dithmenos [......]
Gold: 155           SH:  0    Dex: 12 (14) Spells: 2/6 levels left

rFire   + . .      SeeInvis +    a - +1 sling
rCold   . . .      Faith    .    (no shield)
rNeg    . . .      Spirit   .    c - +0 robe
rPois   .          Reflect  .    (helmet unavailable)
rElec   .          Harm     .    (no cloak)
rCorr   .          Rampage  .    (no gloves)
Will    .....                    (no boots)
Stlth   +                        (no amulet)
HPRegen 0.25/turn                r - ring of magical power
MPRegen 0.14/turn                o - ring of protection from fire

@: attractive, drained
A: permanent stasis, dig shafts and tunnels, antennae 3, four strong arms
a: Dig, Shaft Self, Renounce Religion


You were on level 4 of the Dungeon.
You worshipped Dithmenos.
Dithmenos was noncommittal.
You visited 1 branch of the dungeon, and saw 4 of its levels.

You collected 155 gold pieces.

Inventory:

Hand Weapons
 a - a +1 sling (weapon)
Missiles
 l - 19 poisoned darts
Armour
 c - a +0 robe (worn)
Jewellery
 n - a ring of protection from cold
 o - a ring of protection from fire (right hand)
 r - a ring of magical power (left hand)
Scrolls
 b - a scroll of poison
 d - a scroll of enchant weapon {unknown}
 e - a scroll of blinking {unknown}
 g - 3 scrolls of vulnerability {unknown}
 m - 5 scrolls of identify {unknown}
 p - a scroll of immolation {unknown}
 s - 3 scrolls of teleportation {unknown}
 t - 2 scrolls of amnesia {unknown}
Potions
 h - a potion of might {unknown}
 i - a potion of invisibility {unknown}
 j - 2 potions of attraction
 k - a potion of degeneration
 q - a potion of mutation {unknown}
 u - a potion of curing


   Skills:
 + Level 1.7 Fighting
 * Level 2.8 Ranged Weapons
 - Level 1.7 Dodging
 + Level 1.8 Spellcasting
 * Level 4.4 Hexes
 * Level 1.7 Fire Magic


You had 2 spell levels left.
You knew the following spells:

 Your Spells              Type           Power      Damage    Failure   Level
a - Slow                  Hex            48%        N/A       4%          1
b - Inner Flame           Hex/Fire       9%         N/A       22%         3

Your spell library contained the following spells:

 Spells                   Type           Power      Damage    Failure   Level
 Sandblast                Erth           2%         2d4       26%         1
 Passwall                 Tmut/Erth      0%         N/A       36%         2
 Confusing Touch          Hex            12%        N/A       12%         3
 Portal Projectile        Hex/Tloc       14%        N/A       30%         3
 Cause Fear               Hex            6%         N/A       38%         4
 Stone Arrow              Conj/Erth      2%         3d7       61%         3
 Vampiric Draining        Necr           1%         2d6       61%         3


Dungeon Overview and Level Annotations

Branches:
Dungeon (4/15)
 Temple: D:4-7

Altars:
Dithmenos
Sif Muna

Shops:
D:1 =


Innate Abilities, Weirdness & Mutations

You cannot be hasted, slowed, berserked, paralysed or teleported.
You can dig through walls and to a lower floor.
You have a pair of large antennae on your head. (SInv)
Your four strong arms can wield two-handed weapons with a shield.


Message History

The spell is quite dangerous to miscast (21% risk of failure)!
Continue anyway? [Y]es or [N]o only, please.
The spell is quite dangerous to miscast (21% risk of failure)!
Continue anyway?
Aiming: Inner Flame (quite dangerous; 21% risk of failure)
Press: ? - help, Dir - move target, f - orc priest, p - orc
Aim: an orc priest, wielding a +0 club (chance to affect: 60%)
You miscast Inner Flame.
You are very lightly contaminated with residual magic.
Nothing appears to happen.
The orc hits you with a +0 hand axe.
* * * LOW HITPOINT WARNING * * *
Casting: Inner Flame (quite dangerous; 21% risk of failure)
Confirm with . or Enter, or press ? or * to list all spells.
The spell is quite dangerous to miscast (21% risk of failure)!
Continue anyway?
Okay, then.
Unknown command.
You extend your mandibles.
You dig through the rock wall.
You feel drained.
You start resting.
An orc is nearby!
You retract your mandibles.
You shoot a sling bullet.
The sling bullet closely misses the orc.
The orc closely misses you.
You shoot a sling bullet.
The sling bullet closely misses the orc.
The orc hits you with a +0 hand axe.
* * * LOW HITPOINT WARNING * * *
It was a potion of attraction.
You feel attractive to monsters.
It was a potion of degeneration.
There was something very wrong with that liquid.
You feel weakened.
You feel dopey.
You feel clumsy. The orc barely misses you.
It was a potion of curing.
You feel better. The orc hits you with a +0 hand axe.
* * * LOW HITPOINT WARNING * * *
Your magical contamination has completely faded away.
It was a potion of cancellation.
Your magical effects are unravelling.
You feel magically purged. The orc hits you with a +0 hand axe.
You die...

#..# ..#
#.###.#..
#<......#
#.#.###.. #.# #
#.#.# ####.#..{
#@#{o#.#
##o#{#.# ###)#)#
#)#.#
..{####.#.######
#..{.....o..(.o.
#####.#.........
#.########## #


You could see an orc (slow).

Vanquished Creatures
  An orc wizard (D:4)
  An adder (D:3)
  A worm (D:2)
  2 dart slugs
  2 orcs (D:4)
  4 bats
  3 giant cockroaches (D:1)
  A goblin (D:1)
  4 hobgoblins
  7 jackals (D:1)
  3 quokkas
  4 ball pythons
  3 frilled lizards
  7 kobolds
  4 rats
47 creatures vanquished.

Notes
Turn   | Place    | Note
-------+----------+-------------------------------------------
     0 | D:1      | Bnni the Formicid Hexslinger began the quest for the Orb.
     0 | D:1      | Reached XP level 1. HP: 15/15 MP: 2/2
    54 | D:1      | Found Fant's Jewellery Shop.
    63 | D:1      | Reached XP level 2. HP: 21/21 MP: 3/3
   384 | D:1      | Found a faded altar of an unknown god.
   496 | D:1      | Reached skill level 1 in Fire Magic
   497 | D:1      | Reached skill level 4 in Hexes
   497 | D:1      | Reached XP level 3. HP: 26/26 MP: 4/4
   501 | D:1      | Learned a level 3 spell: Inner Flame
  1048 | D:2      | Found a shimmering blue altar of Sif Muna.
  1641 | D:3      | Identified the +2 short sword "Cyraryp" {elec, rN+ Str-2
                  | Dex+3}
  1646 | D:3      | Reached XP level 4. HP: 32/32 MP: 6/6
  1809 | D:3      | Found a shadowy altar of Dithmenos.
  1818 | D:3      | Became a worshipper of Dithmenos the Shadowed
  2582 | D:4      | HP: 1/30 [orc/+0 hand axe (6)]
  2586 | D:4      | Slain by an orc

Illustrated notes

Levels and vault maps discovered:
D:1:      pf_arrival_petrified_forest, layout_basic,
          shapermc_ecumenical_altar_ellora, serial_shops,
          nicolae_shop_hallway_stairs
D:2:      layout_rooms, basic_altar
D:3:      layout_loops_ring, grunt_dithmenos_smoke, roderic_lattice_a,
          chequers_big_river
D:4:      layout_loops_ring, minmay_temple_entry_crystal_x, uniq_edmund

Skill      XL: |  1  2 |
---------------+-------+-----
Fire Magic     | 1 |  1.7
Hexes          | 4 |  4.4
Fighting       | |  1.7
Ranged Weapons | |  2.8
Dodging        | |  1.7
Spellcasting   | |  1.8

Action                     |  1- 3 |  4- 6 || total
---------------------------+-------+-------++-------
   Fire: Sling             |   123 |    35 ||   158
   Cast: Inner Flame       |       |     2 ||     2
         Slow              |       |     1 ||     1
Ability: Dig               |       |     2 ||     2
    Use: Potion            |       |     4 ||     4
 Armour: Robe              |     8 |     4 ||    12
  Dodge: Dodged            |    50 |    14 ||    64

Table legend: (Time is in decaauts)
 A = Elapsed time spent in this place.
 B = Non-inter-level travel time spent in this place.
 C = Inter-level travel time spent in this place.
 D = Time resting spent in this place.
 E = Time spent auto-exploring this place.
 F = Levels seen in this place.
 G = Mean time per level.
                   A        B        C        D        E       F      G
               +--------+--------+--------+--------+--------+-----+--------+
         Total |   2644 |   2558 |     86 |     51 |   2166 |   4 |  661.0 |
       Dungeon |   2644 |   2558 |     86 |     51 |   2166 |   4 |  661.0 |
               +--------+--------+--------+--------+--------+-----+--------+

Top non-repeatable levels by time:
     D:1: 1046 daAuts
     D:3: 1031 daAuts
     D:2: 514 daAuts
     D:4: 52 daAuts
